 Dungeon Crawl Stone Soup version 0.27-a0-1065-ge809cff456 (webtiles) character file.

Game seed: 10330290497815137678

81 strifetoe the Slasher (level 4, -2/33 HPs)
             Began as a Djinni Gladiator on Apr 24, 2021.
             Slain by a quokka (4 damage)
             ... on level 2 of the Dungeon.
             The game lasted 00:01:28 (2355 turns).

strifetoe the Slasher (Djinni Gladiator)            Turns: 2355, Time: 00:01:29

Health: -2/33      AC:  5    Str: 10 (13) XL:     4   Next: 40%
Gold:   111        EV: 12    Int:  6 (9)  God:
                   SH:  0    Dex: 14 (16)

rFire    + + .     SeeInvis .   a - +0 long sword
rCold    x . .     Faith    .   (no shield)
rNeg     . . .     Spirit   .   b - +0 leather armour
rPois    ∞         Reflect  .   c - +0 helmet
rElec    .         Harm     .   o - +0 cloak
rCorr    .         Rampage  .   (no gloves)
Will     .....                  (boots unavailable)
Stlth    +.........             g - amulet of the acrobat
HPRegen  0.11/turn              (no ring)
MPRegen  0.00/turn              (no ring)

@: brilliant, flying
A: fire resistance 2, cold vulnerability 1, float, innate caster, hp casting,
extra vitality 1
a: no special abilities


You were on level 2 of the Dungeon.
You visited 1 branch of the dungeon, and saw 3 of its levels.

You collected 111 gold pieces.

Inventory:

Hand Weapons
 a - a +0 long sword (weapon)
 f - a +0 whip of venom
 n - a +4 quarterstaff of chaos
Missiles
 d - 3 throwing nets (quivered)
Armour
 b - a +0 leather armour (worn)
 c - a +0 helmet (worn)
 o - a +0 cloak (worn)
Jewellery
 g - an amulet of the acrobat (around neck)
Scrolls
 h - a scroll of torment {unknown}
 j - 2 scrolls of identify {unknown}
 l - a scroll of fog {unknown}
 m - a scroll of enchant armour {unknown}


   Skills:
 - Level 2.0 Fighting
 + Level 4.6 Long Blades
 - Level 1.5 Throwing
 - Level 3.2 Dodging


You had 2 spell levels left.
You knew the following spells:

 Your Spells              Type           Power      Damage    Failure   Level
a - Animate Skeleton      Necr           0%         N/A       56%         1
Your spell library was empty.

Dungeon Overview and Level Annotations

Branches:
Dungeon (3/15)

Altars:


Innate Abilities, Weirdness & Mutations

You are immune to poison.
Your flesh is very heat resistant. (rF++)
You are vulnerable to cold. (rC-)
You float through the air rather than walking.
You learn spells naturally, not from books.
Your magical power is your life essence.
You have superior vitality. (+4 HP)


Message History

The orc completely misses you.
a - a +0 long sword (weapon)
You closely miss the orc.
The orc is lightly wounded.
You closely miss something. Something hits you.
You barely miss something. Something hits you.
* * * LOW HITPOINT WARNING * * *
You miss something. Something hits you.
* * * LOW HITPOINT WARNING * * *
x2 Unknown command.
You barely miss something. Something hits you.
* * * LOW HITPOINT WARNING * * *
x2 You slash something!
Reactivating autopickup.
You feel a bit more experienced.
It was a potion of degeneration.
There was something very wrong with that liquid.
You feel weakened.
You feel dopey.
You feel clumsy. The quokka misses you.
It was a potion of magic.
Magic courses through your body. The quokka bites you.
* * * LOW HITPOINT WARNING * * *
It was a potion of brilliance.
You feel clever all of a sudden. The quokka bites you.
* * * LOW HITPOINT WARNING * * *
The quokka misses you.
You barely miss the quokka. The quokka bites you.
* * * LOW HITPOINT WARNING * * *
The quokka closely misses you.
There is a stone staircase leading up here.
The quokka closely misses you.
You fly upwards.
There is a stone staircase leading down here.
You hit the quokka.
The quokka is moderately wounded.
The quokka bites you.
* * * LOW HITPOINT WARNING * * *
The quokka bites you.
You die...

#...## ♣♣.♣ #.# #.....##).....
.....# ♣.♣♣ #.###.....#####.##
.....# ♣♣.♣ #.....†...# #.#
.....# ♣♣.♣♣ #.###.....# #.#
#...## ♣♣...♣ #.# #.....# #.#
.....# ♣....♣ #.# ####### #.#
#...## ##..## ### #.# .....#
#....########## #.# #...##
#......r@.....# #.# #...#
##.##.##.####.########.# ##.##
#.##.##.####.#........#
##.#######.##.......#..#.#######
....#........###.##.#.###.##
##.##.####.#.###.##..## ##.#
......# #............###.##
...#### ###.#########.#.## ##.#
#.# ##.##


You could see a quokka.

Vanquished Creatures
  Crazy Yiuf (D:2)
  An adder (D:2)
  A dart slug (D:2)
  2 orcs (D:3)
  5 endoplasms
  3 goblins
  5 hobgoblins
  2 jackals (D:1)
  4 kobolds (D:1)
  A quokka (D:2)
  4 ball pythons
  3 bats (D:1)
  4 frilled lizards
  4 rats
40 creatures vanquished.

Notes
Turn   | Place    | Note
-------+----------+-------------------------------------------
     0 | D:1      | strifetoe the Djinni Gladiator began the quest for the Orb.
     0 | D:1      | Reached XP level 1. HP: 18/18 MP: 0/0
    62 | D:1      | Reached skill level 3 in Long Blades
   170 | D:1      | Reached XP level 2. HP: 22/23 MP: 0/0
  1063 | D:1      | Reached XP level 3. HP: 28/28 MP: 0/0
  1063 | D:1      | Learned a level 1 spell: Animate Skeleton
  1415 | D:2      | Reached skill level 4 in Long Blades
  1605 | D:2      | Found a runed translucent door.
  1606 | D:2      | Noticed Crazy Yiuf
  2184 | D:2      | Killed Crazy Yiuf
  2185 | D:2      | Reached XP level 4. HP: 28/33 MP: 0/0
  2355 | D:2      | Slain by a quokka

Illustrated notes

Levels and vault maps discovered:
D:1:      psy_arrival_statuary, layout_rooms, roderic_lattice_a,
          minmay_fountain_box, grunt_decor_resistance, minmay_unequal
D:2:      layout_loops_cross, uniq_crazy_yiuf_cottage
D:3:      layout_basic

Skill      XL: |  1  2  3 |
---------------+----------+-----
Long Blades    | 3 4 |  4.6
Fighting       | |  2.0
Throwing       | |  1.5
Dodging        | |  3.2

Action                   |  1- 3 |  4- 6 || total
-------------------------+-------+-------++-------
Melee: Long sword        |   101 |     8 ||   109
       Quarterstaff      |       |     7 ||     7
  Use: Potion            |       |     3 ||     3
 Stab: Sleeping          |     1 |       ||     1
Armor: Leather armour    |    30 |     3 ||    33
Dodge: Dodged            |    72 |    13 ||    85
       Rpst.: Long sword |    25 |       ||    25

Table legend: (Time is in decaauts)
 A = Elapsed time spent in this place.
 B = Non-inter-level travel time spent in this place.
 C = Inter-level travel time spent in this place.
 D = Time resting spent in this place.
 E = Time spent auto-exploring this place.
 F = Levels seen in this place.
 G = Mean time per level.
                   A        B        C        D        E       F      G
               +--------+--------+--------+--------+--------+-----+--------+
         Total |   2389 |   2348 |     41 |    130 |   1919 |   3 |  796.3 |
       Dungeon |   2389 |   2348 |     41 |    130 |   1919 |   3 |  796.3 |
               +--------+--------+--------+--------+--------+-----+--------+

Top non-repeatable levels by time:
     D:1: 1274 daAuts
     D:2: 1073 daAuts
     D:3: 41 daAuts
